 Dungeon Crawl Stone Soup version 0.18.1-6-gd335043 (webtiles) character file.

135 georgeearnest the Grave Robber (level 5, -7/38 HPs)
             Began as a Hill Orc Necromancer on May 20, 2016.
             Was an Initiate of Yredelemnul.
             Shot with an arrow by a centaur (13 damage)
             ... on level 3 of the Dungeon.
             The game lasted 00:18:48 (3479 turns).

georgeearnest the Grave Robber (HONe)               Turns: 3479, Time: 00:18:48

Health: -7/38      AC:  2    Str: 11    XL:     5   Next: 18%
Magic:  6/8        EV: 11    Int: 16    God:    Yredelemnul [......]
Gold:   193        SH:  0    Dex: 11    Spells: 2 memorised, 7 levels left

rFire  x . .     SeeInvis .     (no weapon)
rCold  + . .     Gourm    .     a - +0 robe
rNeg   . . .     Faith    .     (no shield)
rPois  .         Spirit   .     (no helmet)
rElec  .         Dismiss  .     (no cloak)
rCorr  .         Reflect  .     (no gloves)
SustAt .         Harm     .     (no boots)
MR     .....                    e - amulet of regeneration
Stlth  +.........               (no ring)
                                r - ring of ice (curse)

@: not resistant to hostile enchantments, very unstealthy
A: no striking features
a: Renounce Religion


You were on level 3 of the Dungeon.
You worshipped Yredelemnul.
Yredelemnul was noncommittal.
You were not hungry.

You visited 1 branch of the dungeon, and saw 3 of its levels.

You collected 193 gold pieces.

Inventory:

Armour
 a - a +0 robe (worn)
Jewellery
 c - an uncursed amulet of dismissal
 e - an amulet of regeneration (around neck)
 r - a cursed ring of ice (left hand)
Wands
 t - a wand of iceblast (5/15)
Scrolls
 i - 3 scrolls of enchant armour {unknown}
 k - 2 scrolls of teleportation {unknown}
 m - 7 scrolls of remove curse
 p - 2 scrolls of fear {unknown}
 q - 2 scrolls of amnesia {unknown}
Potions
 g - a potion of degeneration {unknown}
 j - 2 potions of lignification {unknown}
 o - a potion of flight {unknown}
Books
 b - a book of Necromancy

   Spells                             Type                      Level
   a - Pain                           Necromancy                   1
   b - Animate Skeleton               Necromancy                   1
   c - Vampiric Draining              Necromancy                   3
   d - Regeneration                   Charms/Necromancy            3
   e - Animate Dead                   Necromancy                   4
   f - Control Undead                 Necromancy                   4
Comestibles
 f - 3 chunks of flesh
 h - 4 fruits
 l - 3 meat rations
 n - 2 beef jerkies
 s - 2 bread rations


   Skills:
 - Level 1.5(0.7) Dodging
 * Level 2.2(1.1) Stealth
 * Level 2.5(1.2) Spellcasting
 * Level 5.3(2.6) Necromancy


You had 7 spell levels left.
You knew the following spells:

 Your Spells              Type           Power        Failure   Level  Hunger
a - Pain                  Necr           #...         10%         1    ##.....
b - Animate Skeleton      Necr           N/A          10%         1    ##.....


Dungeon Overview and Level Annotations

Branches:
Dungeon (3/15)

Altars:
Ashenzari
Yredelemnul


Message History

Casting: Pain
Confirm with . or Enter, or press ? or * to list all spells.
Aiming: Pain
Press: ? - help, Shift-Dir - straight line, f/p - centaur
Aim: a centaur, wielding a shortbow (lightly wounded, chance to defeat MR: 60%)
The centaur resists with significant effort.
The centaur shoots an arrow.
The arrow closely misses you.
The centaur shoots an arrow.
The arrow closely misses you. The arrow hits your orc skeleton!
Your orc skeleton is destroyed!
The centaur shoots an arrow.
The arrow misses you.
A kobold comes into view. It is wielding a hand axe.
The centaur shoots an arrow.
The arrow hits you!
The kobold moves out of view.
Things that are here:
3 arrows; a whip; a leather armour The centaur shoots an arrow.
The arrow hits you!
* * * LOW HITPOINT WARNING * * *
The centaur shoots an arrow.
The arrow hits you!
You die...
Your body rises from the dead as a mindless zombie.

# ###.####.####.#
#.##.#..# #
#...........#####.##....#
#####
#####....##.#........#.##
....#######
##.###..#.####.#.#...
##........#
#..##..#......#.####
..†.......#
##.##...............
#(........#
#.###.#########.###
#.........# #..##.# ...#
..........# ##@##.# #####
#...###.### #.##.#
#.#.###.# #(##.#
#.#.....# #.(#.#
#.####### ##.#.###.# ..#
#(......# ### ##([#####
#c.# .K...


You could see a centaur.

Vanquished Creatures
  Ijyb (D:2)
  An adder (D:2)
  3 oozes
  2 worms (D:2)
  4 dart slugs (D:2)
  5 giant geckos
  An orc (D:3)
  A giant cockroach (D:2)
  5 goblins
  5 hobgoblins (D:2)
  5 jackals
  8 kobolds
  A quokka (D:3)
  A ball python (D:2)
  8 bats
  5 giant newts
  5 rats
61 creatures vanquished.

Vanquished Creatures (collateral kills)
  An adder (D:2)
  A giant newt (D:3)
2 creatures vanquished.

Grand Total: 63 creatures vanquished

Notes
Turn   | Place    | Note
--------------------------------------------------------------
     0 | D:1      | georgeearnest the Hill Orc Necromancer began the quest for the Orb.
     0 | D:1      | Reached XP level 1. HP: 14/14 MP: 3/3
   435 | D:1      | Reached XP level 2. HP: 20/20 MP: 2/4
   466 | D:1      | Learned a level 1 spell: Animate Skeleton
   899 | D:2      | Reached XP level 3. HP: 21/26 MP: 0/5
  1879 | D:2      | Reached XP level 4. HP: 33/33 MP: 5/7
  2200 | D:2      | Reached skill level 5 in Necromancy
  2659 | D:3      | Found a faded altar to an unknown god.
  2665 | D:3      | Noticed Ijyb
  2737 | D:2      | Killed Ijyb
  2815 | D:3      | Reached XP level 5. HP: 34/38 MP: 1/8
  2899 | D:3      | Became a worshipper of Ashenzari the Shackled
  2899 | D:3      | Reached * piety under Ashenzari
  2983 | D:3      | Found a basalt altar of Yredelemnul.
  2998 | D:3      | Fell from the grace of Ashenzari
  3001 | D:3      | Became a worshipper of Yredelemnul the Dark
  3469 | D:3      | Noticed a centaur
  3479 | D:3      | Shot with an arrow by a centaur

Skill      XL: |  1  2  3  4 |
---------------+-------------+-----
Spellcasting   | 2 |  2.5
Stealth        | 2 |  2.2
Necromancy     | 5 |  5.3
Dodging        | |  1.5

Action                   |  1- 3 |  4- 6 || total
-------------------------+-------+-------++-------
Melee: Unarmed           |    21 |       ||    21
 Cast: Pain              |    81 |    78 ||   159
       Animate Skeleton  |     6 |     7 ||    13
Invok: Renounce Religion |       |     1 ||     1
  Use: Potion            |       |     3 ||     3
 Stab: Distracted        |     1 |       ||     1
  Eat: Bread ration      |     1 |       ||     1
       Chunk             |       |     7 ||     7
Armor: Robe              |    29 |     4 ||    33
Dodge: Dodged            |    68 |    42 ||   110
